 Dungeon Crawl Stone Soup version 0.20-a0-926-g560771d (webtiles) character file.

138 Isola the Poker (level 5, 0/41 HPs)
             Began as a Merfolk Gladiator on Mar 28, 2017.
             Succumbed to an orc's poison
             ... on level 3 of the Dungeon.
             The game lasted 00:03:11 (1381 turns).

Isola the Poker (Merfolk Gladiator)                 Turns: 1381, Time: 00:03:11

Health: 0/41       AC:  5    Str: 14    XL:     5   Next: 21%
Magic:  5/5        EV: 14    Int:  9    God:
Gold:   110        SH:  0    Dex: 15    Spells: 4/4 levels left

rFire    . . .     SeeInvis .   a - +0 trident
rCold    . . .     Gourm    .   (no shield)
rNeg     . . .     Faith    .   b - +0 leather armour
rPois    .         Spirit   .   c - +0 helmet
rElec    .         Reflect  .   q - +0 cloak
rCorr    .         Harm     .   (no gloves)
MR       .....                  (no boots)
Stlth    +.........             (no amulet)
Regen    0.2/turn               (no ring)
MPRegen  0.1/turn               (no ring)

@: lethally poisoned (0 -> -11), very slightly contaminated, invisible
A: change form in water, swift swim, stealthy swim
a: no special abilities


You were on level 3 of the Dungeon.
You were not hungry.

You visited 1 branch of the dungeon, and saw 3 of its levels.

You collected 110 gold pieces.

Inventory:

Hand Weapons
 a - a +0 trident (weapon)
Missiles
 d - 3 throwing nets (quivered)
Armour
 b - a +0 leather armour (worn)
 c - a +0 helmet (worn)
 q - a +0 cloak (worn)
Scrolls
 h - a scroll of teleportation
 k - 2 scrolls of remove curse {unknown}
 m - a scroll of amnesia {unknown}
 n - a scroll of magic mapping {unknown}
Potions
 l - a potion of might {unknown}
Comestibles
 f - 2 bread rations
 i - 4 chunks of flesh
 p - a meat ration


   Skills:
 + Level 3.2 Fighting
 * Level 6.7 Polearms
 - Level 2.0 Throwing
 + Level 5.2 Dodging


You had 4 spell levels left.
You didn't know any spells.

Dungeon Overview and Level Annotations

Branches:
Dungeon (3/15)

Altars:
Qazlal

Annotations:
D:3 Grinder


Message History

You are poisoned.
You barely miss the orc.
You feel sick. The orc hits you with a flail of venom!
* * * LOW HITPOINT WARNING * * *
You are lethally poisoned!
You closely miss the orc.
* * * LOW HITPOINT WARNING * * *
You feel sick. The orc barely misses you.
You fade into invisibility!
* * * LOW HITPOINT WARNING * * *
You feel sick.
You are very lightly contaminated with residual magic.
You closely miss the orc.
* * * LOW HITPOINT WARNING * * *
You feel sick. The orc closely misses you.
You puncture the orc!
You kill the orc!
* * * LOW HITPOINT WARNING * * *
You feel sick.
It was a potion of magic.
Magic courses through your body.
You die...

#...........
###.#.....##
#.#.#####
#.#.# #.#.##
###....#
#.?....#
#.####.# #@#
.# #)# # #.#
#.# #.# #..
###


There were no monsters in sight!

Vanquished Creatures
  An orc wizard (D:3)
  4 adders (D:2)
  2 worms (D:2)
  2 dart slugs
  2 leopard geckos (D:1)
  4 orcs (D:3)
  2 giant cockroaches
  4 goblins
  12 hobgoblins
  A quokka (D:2)
  4 bats
  3 frilled lizards (D:2)
  10 kobolds
  5 rats
56 creatures vanquished.

Notes
Turn   | Place    | Note
-------+----------+-------------------------------------------
     0 | D:1      | Isola the Merfolk Gladiator began the quest for the Orb.
     0 | D:1      | Reached XP level 1. HP: 16/16 MP: 1/1
    65 | D:1      | Reached XP level 2. HP: 23/23 MP: 2/2
   361 | D:1      | Reached skill level 5 in Polearms
   428 | D:2      | Reached XP level 3. HP: 28/28 MP: 3/3
   521 | D:2      | Noticed an air elemental
   528 | D:2      | Found a stormy altar of Qazlal.
   536 | D:2      | Noticed a fire elemental
   536 | D:2      | Noticed a water elemental
   536 | D:2      | Noticed an earth elemental
   858 | D:2      | Reached XP level 4. HP: 34/34 MP: 4/4
   875 | D:2      | Reached skill level 6 in Polearms
  1223 | D:3      | Noticed Grinder
  1372 | D:3      | Reached skill level 5 in Dodging
  1372 | D:3      | Reached XP level 5. HP: 14/41 MP: 5/5
  1379 | D:3      | HP: 2/41 [poisoned by an orc]
  1381 | D:3      | Succumbed to an orc's poison

Vault maps used:
D:1:      nagdon_arrival_double_spiral, lemuel_another_geyser
D:2:      nicolae_qazlal_style_of_elements, minmay_tromino_v4_a
D:3:      uniq_grinder

Skill      XL: |  1  2  3  4 |
---------------+-------------+-----
Polearms       | 5 6 |  6.7
Fighting       | 3 |  3.2
Dodging        | 5 |  5.2
Throwing       | |  2.0

Action                   |  1- 3 |  4- 6 || total
-------------------------+-------+-------++-------
Melee: Trident           |    96 |    94 ||   190
  Use: Scroll            |       |     3 ||     3
       Potion            |       |     3 ||     3
 Stab: Sleeping          |     1 |     2 ||     3
       Distracted        |       |     1 ||     1
  Eat: Chunk             |       |     2 ||     2
Armor: Leather armour    |    14 |    20 ||    34
Dodge: Dodged            |    39 |    31 ||    70
